[Event "ICC tourney 2552 (3 2)"]
[Site "Internet Chess Club"]
[Date "2021.05.07"]
[Round "1"]
[White "SINGEETHAM, VYASARAJ:K03-17011358"]
[Black "VAN ZANDWEGHE, HENRI:K06-15949902"]
[Result "1/2-1/2"]
[ICCResult "Black stalemated"]
[WhiteElo "1400"]
[BlackElo "1400"]
[Opening "Ruy Lopez: Marshall counter-attack"]
[ECO "C89"]
[NIC "RL.17"]
[Time "18:02:40"]
[PlyCount "143"]
[TimeControl "180+2"]

1. e4 e5 2. Nf3 Nc6 3. Bb5 a6 4. Ba4 Nf6 5. O-O Be7 6. Re1 b5 7. Bb3 O-O 8.
c3 d5 9. exd5 Nxd5 10. Bxd5 Qxd5 11. d3 Bg4 12. Nbd2 Qxd3 13. Re3 Qd7 14.
h3 Bxf3 15. Qxf3 f6 16. Rd3 Qe6 17. Ne4 Rad8 18. Be3 f5 19. Rxd8 Rxd8 20.
Ng5 Bxg5 21. Bxg5 Rd6 22. Rd1 Rxd1+ 23. Qxd1 h6 24. Be3 f4 25. Bc5 Kf7 26.
Qh5+ Qg6 27. Qf3 Qe6 28. Kh2 Ne7 29. Qb7 Qc6 30. Qxc6 Nxc6 31. Kg1 Ke6 32.
Kf1 Kd5 33. Bf8 g6 34. Bxh6 Kc4 35. Ke2 b4 36. cxb4 Nxb4 37. a3 Nd3 38. b4
c5 39. bxc5 Nxc5 40. Bf8 Ne4 41. f3 Ng3+ 42. Kf2 Nf5 43. Bb4 Kd4 44. g4
fxg3+ 45. Kg2 e4 46. fxe4 Kxe4 47. Be1 Kd3 48. Bxg3 Nxg3 49. Kxg3 Kc3 50.
h4 Kb3 51. Kg4 Kxa3 52. Kg5 Kb3 53. Kxg6 a5 54. h5 a4 55. h6 a3 56. h7 a2
57. h8=Q Kc2 58. Qa1 Kb3 59. Qd1+ Ka3 60. Kf5 Kb2 61. Qd2+ Kb1 62. Qb4+ Ka1
63. Qc3+ Kb1 64. Qb3+ Ka1 65. Qc3+ Kb1 66. Qe1+ Kb2 67. Qe5+ Kb1 68. Qe4+
Kb2 69. Qb4+ Ka1 70. Qe1+ Kb2 71. Qb4+ Ka1 72. Ke4 { Black stalemated }
1/2-1/2

[Event "ICC tourney 2552 (3 2)"]
[Site "Internet Chess Club"]
[Date "2021.05.07"]
[Round "2"]
[White "CHEN, LUCAS:K03-30165108"]
[Black "S JANIS, MAXTON:K05-30158505"]
[Result "0-1"]
[ICCResult "White resigns"]
[WhiteElo "1400"]
[BlackElo "1147"]
[Opening "Queen's pawn game"]
[ECO "D00"]
[NIC "QP.08"]
[Time "18:29:21"]
[PlyCount "36"]
[TimeControl "180+2"]

1. d4 d5 2. e3 Nc6 3. Nc3 Nf6 4. Nf3 e6 5. Bd2 Bb4 6. Bd3 Bxc3 7. Bxc3 Bd7
8. O-O O-O 9. e4 dxe4 10. Bxe4 Nxe4 11. g4 Nxc3 12. bxc3 e5 13. dxe5 Bxg4
14. Kg2 Bxf3+ 15. Kxf3 Nxe5+ 16. Kf4 Qf6+ 17. Ke4 Rfe8 18. Qd7 Nxd7+ {
White resigns } 0-1

[Event "ICC tourney 2552 (3 2)"]
[Site "Internet Chess Club"]
[Date "2021.05.07"]
[Round "2"]
[White "WANG, YOURAN:K05-16488667"]
[Black "LOVE, ANDREAS:K01-30154512"]
[Result "1-0"]
[ICCResult "Black checkmated"]
[WhiteElo "1400"]
[BlackElo "1139"]
[Opening "Sicilian defense"]
[ECO "B32"]
[NIC "SI.32"]
[Time "18:29:15"]
[PlyCount "33"]
[TimeControl "180+2"]

1. e4 c5 2. Nf3 Nc6 3. d4 cxd4 4. Nxd4 Nb4 5. a3 Na6 6. Be3 g6 7. Nc3 Bg7
8. Bc4 e6 9. Bb3 Ne7 10. O-O O-O 11. Qd2 b6 12. Rad1 h6 13. Bxh6 Bxh6 14.
Qxh6 Bb7 15. Rd3 b5 16. Rh3 Re8 17. Qh8# { Black checkmated } 1-0

[Event "ICC tourney 2552 (3 2)"]
[Site "Internet Chess Club"]
[Date "2021.05.07"]
[Round "2"]
[White "SELVAM, SWAGATHA:K05-16203181"]
[Black "VENZA, REX:K01-30050414"]
[Result "1-0"]
[ICCResult "Black resigns"]
[WhiteElo "1400"]
[BlackElo "1400"]
[Opening "QGD: 4.Nf3"]
[ECO "D37"]
[NIC "QO.16"]
[Time "18:29:47"]
[PlyCount "21"]
[TimeControl "180+2"]

1. d4 d5 2. c4 e6 3. Nc3 Nf6 4. Nf3 dxc4 5. e4 c5 6. Bxc4 Nc6 7. e5 Ng8 8.
d5 exd5 9. Bxd5 Nce7 10. Bxf7+ Kxf7 11. Qxd8 { Black resigns } 1-0

[Event "ICC tourney 2552 (3 2)"]
[Site "Internet Chess Club"]
[Date "2021.05.07"]
[Round "2"]
[White "RAO, ANJALI:K05-30140885"]
[Black "CHANG, ANTHONY:K01-30154131"]
[Result "1-0"]
[ICCResult "Black checkmated"]
[WhiteElo "1400"]
[BlackElo "1400"]
[Opening "two knights defense: Fegatello attack"]
[ECO "C57"]
[NIC "KP.01"]
[Time "18:29:47"]
[PlyCount "39"]
[TimeControl "180+2"]

1. e4 e5 2. Nf3 Nc6 3. Bc4 Nf6 4. Ng5 d5 5. exd5 Nxd5 6. Nxf7 Kxf7 7. Qf3+
Ke8 8. Bxd5 Qxd5 9. Qxd5 Ne7 10. Qxe5 Bd7 11. O-O a6 12. Re1 Bb5 13. Nc3
Bd7 14. d4 g6 15. Qxh8 Bf5 16. Qe5 Bxc2 17. Bg5 Kd8 18. Bxe7+ Bxe7 19.
Qxe7+ Kc8 20. Qe8# { Black checkmated } 1-0

[Event "ICC tourney 2552 (3 2)"]
[Site "Internet Chess Club"]
[Date "2021.05.07"]
[Round "2"]
[White "DESAIKOV, MAX:K03-30147675"]
[Black "TAN, BELVIN:K06-16576614"]
[Result "1-0"]
[ICCResult "Black resigns"]
[WhiteElo "1400"]
[BlackElo "1179"]
[Opening "Van't Kruijs opening"]
[ECO "A00"]
[Time "18:29:47"]
[PlyCount "33"]
[TimeControl "180+2"]

1. e3 c5 2. d4 cxd4 3. exd4 g6 4. g3 Nc6 5. Bg2 Bg7 6. d5 Ne5 7. Ne2 d6 8.
O-O Nf6 9. f4 Neg4 10. h3 Qb6+ 11. Kh1 Nf2+ 12. Rxf2 Qxf2 13. Nbc3 Qc5 14.
Nd4 e5 15. Nb3 exf4 16. Nxc5 dxc5 17. Bxf4 { Black resigns } 1-0

[Event "ICC tourney 2552 (3 2)"]
[Site "Internet Chess Club"]
[Date "2021.05.07"]
[Round "2"]
[White "ARUMALLA, NEIL:K05-30154350"]
[Black "TURAEV, MALIK:K03-30017655"]
[Result "0-1"]
[ICCResult "White resigns"]
[WhiteElo "1193"]
[BlackElo "1400"]
[Opening "Queen's pawn game, Chigorin variation"]
[ECO "D02"]
[NIC "QP.09"]
[Time "18:29:40"]
[PlyCount "28"]
[TimeControl "180+2"]

1. Nf3 d5 2. d4 Nc6 3. Nc3 Bf5 4. Nd2 Nb4 5. e4 dxe4 6. Ndxe4 Nf6 7. Nxf6+
exf6 8. Bd3 Qe7+ 9. Be3 Nxd3+ 10. cxd3 Qd7 11. O-O Bd6 12. Qf3 c6 13. Rad1
O-O 14. Ne4 Bg4 { White resigns } 0-1

[Event "ICC tourney 2552 (3 2)"]
[Site "Internet Chess Club"]
[Date "2021.05.07"]
[Round "2"]
[White "YU, YANG:K01-30094337"]
[Black "WOO, ALEXANDER:K05-17096034"]
[Result "1-0"]
[ICCResult "Black checkmated"]
[WhiteElo "1400"]
[BlackElo "1400"]
[Opening "Ponziani: Jaenisch counter-attack"]
[ECO "C44"]
[NIC "KP.05"]
[Time "18:29:10"]
[PlyCount "73"]
[TimeControl "180+2"]

1. e4 e5 2. Nf3 Nc6 3. c3 Nf6 4. d4 exd4 5. e5 Nd5 6. cxd4 Qe7 7. Be2 d6 8.
exd6 Qxd6 9. O-O Be6 10. Re1 O-O-O 11. Nc3 Nxc3 12. bxc3 Qd7 13. Bb5 Kb8
14. Ne5 Qe8 15. d5 Rxd5 16. Qxd5 Bxd5 17. Nxc6+ Bxc6 18. Rxe8+ Bxe8 19.
Bxe8 Bd6 20. Bxf7 Rf8 21. Bc4 Bc5 22. Be3 Bxe3 23. fxe3 Re8 24. Re1 c6 25.
Kf2 Kc7 26. Kf3 g6 27. Kf4 Rf8+ 28. Kg5 Rf5+ 29. Kh6 Rh5+ 30. Kg7 Rxh2 31.
e4 h5 32. e5 Rxg2 33. e6 Kd8 34. e7+ Ke8 35. Bf7+ Kd7 36. e8=Q+ Kd6 37.
Qe7# { Black checkmated } 1-0

[Event "ICC tourney 2552 (3 2)"]
[Site "Internet Chess Club"]
[Date "2021.05.07"]
[Round "2"]
[White "SEELAM, DHRUVA:K03-30031918"]
[Black "BHATT, KRISH:K03-16675624"]
[Result "1-0"]
[ICCResult "Black checkmated"]
[WhiteElo "1400"]
[BlackElo "1193"]
[Opening "Danish gambit"]
[ECO "C21"]
[NIC "KP.04"]
[Time "18:29:44"]
[PlyCount "29"]
[TimeControl "180+2"]

1. e4 e5 2. d4 exd4 3. c3 dxc3 4. Bc4 cxb2 5. Bxb2 Nc6 6. Qf3 Nf6 7. Bxf6
gxf6 8. Qh5 Bb4+ 9. Nd2 Bxd2+ 10. Kxd2 O-O 11. Bd3 Nb4 12. Bb1 d6 13. e5
dxe5+ 14. Ke2 Bd7 15. Qxh7# { Black checkmated } 1-0

[Event "ICC tourney 2552 (3 2)"]
[Site "Internet Chess Club"]
[Date "2021.05.07"]
[Round "2"]
[White "DUBEY, SHIV:K01-17241381"]
[Black "KIRKUS, GRANT:K03-30161085"]
[Result "1-0"]
[ICCResult "Black checkmated"]
[WhiteElo "1400"]
[BlackElo "1400"]
[Opening "Giuoco Piano"]
[ECO "C50"]
[NIC "IG.02"]
[Time "18:30:27"]
[PlyCount "35"]
[TimeControl "180+2"]

1. e4 e5 2. Nf3 Nc6 3. Bc4 Bc5 4. O-O Nf6 5. Nc3 O-O 6. d3 d6 7. h3 Be6 8.
Bg5 Bxc4 9. dxc4 Nd4 10. Nd5 Nxf3+ 11. Qxf3 Kh8 12. Nxf6 gxf6 13. Bxf6+
Qxf6 14. Qxf6+ Kg8 15. Kh2 Rad8 16. f4 exf4 17. Rxf4 Rde8 18. Rg4# { Black
checkmated } 1-0

[Event "ICC tourney 2552 (3 2)"]
[Site "Internet Chess Club"]
[Date "2021.05.07"]
[Round "2"]
[White "MANCHANDA, ADVIK:K01-30054176"]
[Black "CHAVEZ, HANFEI:K03-30165124"]
[Result "1-0"]
[ICCResult "Black checkmated"]
[WhiteElo "1400"]
[BlackElo "1400"]
[Opening "Scandinavian (center counter) defense"]
[ECO "B01"]
[NIC "VO.17"]
[Time "18:29:34"]
[PlyCount "39"]
[TimeControl "180+2"]

1. e4 d5 2. exd5 e5 3. Nf3 Nc6 4. Nc3 Nf6 5. Bc4 Bc5 6. h3 Bf5 7. O-O O-O
8. d3 Nb4 9. Bg5 Nxc2 10. Qxc2 c6 11. Rfe1 Bb4 12. Rxe5 Bxc3 13. bxc3 cxd5
14. Rxd5 Nh5 15. Bxd8 Ng3 16. Bh4 Ne2+ 17. Qxe2 Bxd3 18. Bxd3 b6 19. Qe4 b5
20. Qxh7# { Black checkmated } 1-0

[Event "ICC tourney 2552 (3 2)"]
[Site "Internet Chess Club"]
[Date "2021.05.07"]
[Round "2"]
[White "STINGLEY, MAX:K05-16512763"]
[Black "GUPTA, VIHAAN:K01-30156581"]
[Result "1-0"]
[ICCResult "Black checkmated"]
[WhiteElo "1400"]
[BlackElo "1084"]
[Opening "Philidor's defense"]
[ECO "C41"]
[NIC "KP.10"]
[Time "18:30:07"]
[PlyCount "41"]
[TimeControl "180+2"]

1. e4 e5 2. Nf3 d6 3. Bc4 Bg4 4. O-O Bxf3 5. Qxf3 Nf6 6. Qb3 Qd7 7. Qxb7
Qc6 8. Bb5 Qxb5 9. Qxb5+ c6 10. Qb7 Nfd7 11. Qxa8 a6 12. Qb7 Be7 13. Qc8+
Bd8 14. d3 O-O 15. Qb7 Bb6 16. Be3 Bxe3 17. fxe3 Rd8 18. Nc3 Nc5 19. Qxf7+
Kh8 20. Qf8+ Rxf8 21. Rxf8# { Black checkmated } 1-0

[Event "ICC tourney 2552 (3 2)"]
[Site "Internet Chess Club"]
[Date "2021.05.07"]
[Round "2"]
[White "LAM, ETHAN:K03-30150899"]
[Black "WANG, WEIHAN:K01-17104962"]
[Result "0-1"]
[ICCResult "White checkmated"]
[WhiteElo "1400"]
[BlackElo "1400"]
[Opening "King's pawn game"]
[ECO "C50"]
[NIC "IG.03"]
[Time "18:30:48"]
[PlyCount "32"]
[TimeControl "180+2"]

1. e4 e5 2. Nf3 Nc6 3. Bc4 h6 4. d4 exd4 5. Nxd4 Nxd4 6. Qxd4 Nf6 7. Nc3
Bd6 8. O-O O-O 9. Re1 b6 10. e5 Bc5 11. Qd2 Ng4 12. Rf1 d6 13. exd6 cxd6
14. Bd5 Rb8 15. Qe2 Qh4 16. Bf3 Qxh2# { White checkmated } 0-1

[Event "ICC tourney 2552 (3 2)"]
[Site "Internet Chess Club"]
[Date "2021.05.07"]
[Round "2"]
[White "MENG, FANRONG:K03-17099646"]
[Black "PETRELLA, GERARD:K06-16109800"]
[Result "1-0"]
[ICCResult "Black checkmated"]
[WhiteElo "1400"]
[BlackElo "1400"]
[Opening "QGD: Marshall defense"]
[ECO "D06"]
[NIC "QP.08"]
[Time "18:30:27"]
[PlyCount "33"]
[TimeControl "180+2"]

1. d4 d5 2. c4 Nf6 3. cxd5 Nxd5 4. e4 Nf6 5. Nc3 e6 6. Nf3 Bb4 7. Bd3 O-O
8. e5 Bxc3+ 9. bxc3 Nd5 10. Bxh7+ Kxh7 11. Ng5+ Kg8 12. Qh5 Re8 13. Qxf7+
Kh8 14. Qh5+ Kg8 15. Qh7+ Kf8 16. Qh8+ Ke7 17. Qxg7# { Black checkmated }
1-0

[Event "ICC tourney 2552 (3 2)"]
[Site "Internet Chess Club"]
[Date "2021.05.07"]
[Round "2"]
[White "KEDARESH DESHPANDE, AARYAV:K01-30164037"]
[Black "SCOLLON, OWEN:K05-17108421"]
[Result "0-1"]
[ICCResult "White checkmated"]
[WhiteElo "1400"]
[BlackElo "1400"]
[Opening "KP: Patzer opening"]
[ECO "C20"]
[NIC "KP.10"]
[Time "18:29:25"]
[PlyCount "58"]
[TimeControl "180+2"]

1. e4 e5 2. Qh5 Nc6 3. Bc4 g6 4. Qf3 Nf6 5. Ne2 Bg7 6. d3 O-O 7. Bg5 d6 8.
h3 a6 9. Nbc3 h6 10. Bxf6 Bxf6 11. O-O-O Nd4 12. Nxd4 exd4 13. Nd5 Bg7 14.
g4 c6 15. Nf4 b5 16. Bb3 c5 17. Bd5 Rb8 18. Ne2 Be6 19. Rhg1 Bxd5 20. exd5
Re8 21. Ng3 c4 22. dxc4 bxc4 23. Rxd4 Bxd4 24. Rh1 Qg5+ 25. Kb1 Rxb2+ 26.
Ka1 Rxc2+ 27. Kb1 Rb2+ 28. Ka1 Rb3+ 29. Qc3 Bxc3# { White checkmated } 0-1

[Event "ICC tourney 2552 (3 2)"]
[Site "Internet Chess Club"]
[Date "2021.05.07"]
[Round "2"]
[White "WITKOWSKI, SHANE:K01-30072272"]
[Black "PATEL, DARSH:K05-16084348"]
[Result "1-0"]
[ICCResult "Black checkmated"]
[WhiteElo "1400"]
[BlackElo "1400"]
[Opening "Four knights game"]
[ECO "C47"]
[NIC "KP.06"]
[Time "18:29:27"]
[PlyCount "49"]
[TimeControl "180+2"]

1. e4 e5 2. Nf3 Nc6 3. Nc3 Nf6 4. d3 Bc5 5. Be3 d6 6. Bxc5 dxc5 7. Be2 Bg4
8. O-O Nd4 9. h3 Be6 10. Nxd4 exd4 11. e5 dxc3 12. exf6 gxf6 13. Re1 cxb2
14. Rb1 Qd4 15. Qd2 Rg8 16. Bf3 Rg3 17. c3 Qd6 18. Rxb2 Rg5 19. d4 Kd8 20.
dxc5 Qxd2 21. Rxd2+ Kc8 22. h4 Rf5 23. Bg4 Rf4 24. Bxe6+ Kb8 25. Rd8# {
Black checkmated } 1-0

[Event "ICC tourney 2552 (3 2)"]
[Site "Internet Chess Club"]
[Date "2021.05.07"]
[Round "2"]
[White "RAGHAV JEGAN, ASHWIN:K05-16548454"]
[Black "INDRAKANTI, SAMVIK:K03-16771001"]
[Result "1-0"]
[ICCResult "Black checkmated"]
[WhiteElo "1400"]
[BlackElo "1064"]
[Opening "Giuoco Piano: four knights variation"]
[ECO "C40"]
[NIC "KP.10"]
[Time "18:30:27"]
[PlyCount "65"]
[TimeControl "180+2"]

1. e4 e5 2. Nf3 Bc5 3. Bc4 Nf6 4. Nc3 Nc6 5. O-O d6 6. h3 Be6 7. Bxe6 fxe6
8. d3 Qd7 9. Bg5 O-O-O 10. Bxf6 Rdf8 11. Bg5 h6 12. Bd2 Rxf3 13. Qxf3 d5
14. exd5 exd5 15. Nxd5 b5 16. Ne7+ Qxe7 17. Qxc6 e4 18. Qa8+ Kd7 19. Qxh8
exd3 20. cxd3 b4 21. a3 bxa3 22. bxa3 Bd4 23. Ra2 Qe6 24. Qxg7+ Kd6 25.
Qxd4+ Kc6 26. Qc3+ Kd5 27. Qb3+ Ke5 28. Re1+ Kf6 29. Qxe6+ Kg7 30. Qxh6+
Kf7 31. Re5 Kg8 32. Qg6+ Kf8 33. Re8# { Black checkmated } 1-0

[Event "ICC tourney 2552 (3 2)"]
[Site "Internet Chess Club"]
[Date "2021.05.07"]
[Round "2"]
[White "RAMANUJA, MADHAV:K03-30040317"]
[Black "OBAMA GILLES, BARACK:K03-30165647"]
[Result "1-0"]
[ICCResult "Black forfeits on time"]
[WhiteElo "1400"]
[BlackElo "1169"]
[Opening "Old Indian defense"]
[ECO "A42"]
[NIC "OI.07"]
[Time "18:29:17"]
[PlyCount "37"]
[TimeControl "180+2"]

1. d4 d6 2. c4 Qd7 3. Nc3 Qg4 4. Nf3 Qf5 5. e4 Qa5 6. Bd2 Qa3 7. bxa3 Nc6
8. Nb5 Na5 9. Bxa5 b6 10. Bd2 c6 11. Nc7+ Kd8 12. Nxa8 Nf6 13. Bd3 Nxe4 14.
Bxe4 Bg4 15. Bxc6 e6 16. d5 exd5 17. cxd5 Be7 18. h3 Bf5 19. O-O { Black
forfeits on time } 1-0

[Event "ICC tourney 2552 (3 2)"]
[Site "Internet Chess Club"]
[Date "2021.05.07"]
[Round "2"]
[White "LI MARTIN, CHARLOTTE:K01-30136112"]
[Black "RAO, SUNAY:K05-16538751"]
[Result "1-0"]
[ICCResult "Black checkmated"]
[WhiteElo "1400"]
[BlackElo "1400"]
[Opening "Queen's gambit accepted"]
[ECO "D20"]
[NIC "QG.03"]
[Time "18:29:47"]
[PlyCount "57"]
[TimeControl "180+2"]

1. d4 d5 2. c4 dxc4 3. Nc3 Nf6 4. Bg5 Nc6 5. e3 e5 6. Nf3 exd4 7. Nxd4 h6
8. Bxf6 Qxf6 9. Be2 Bc5 10. Nxc6 Qxc6 11. O-O Qg6 12. Qa4+ c6 13. Qxc4 Bh3
14. Bf3 b5 15. Qxc5 O-O-O 16. Nxb5 a6 17. Na7+ Kb7 18. Bxc6+ Kc7 19. Be4+
Kb8 20. Bxg6 Rc8 21. Nxc8 Rxc8 22. Qe5+ Ka7 23. Qe7+ Kb8 24. Bxf7 Bd7 25.
Qxd7 Rc7 26. Qe8+ Rc8 27. Qe5+ Rc7 28. Bd5 Kc8 29. Qe8# { Black checkmated
} 1-0

[Event "ICC tourney 2552 (3 2)"]
[Site "Internet Chess Club"]
[Date "2021.05.07"]
[Round "2"]
[White "ADDURI, MANSI:K03-17004388"]
[Black "SAI POTHURI, ABHIRAM:K06-15560780"]
[Result "0-1"]
[ICCResult "White checkmated"]
[WhiteElo "1400"]
[BlackElo "1400"]
[Opening "Sicilian defense"]
[ECO "B30"]
[NIC "SI.31"]
[Time "18:29:47"]
[PlyCount "62"]
[TimeControl "180+2"]

1. e4 c5 2. Nf3 Nc6 3. Nc3 e5 4. Bc4 d6 5. h3 Be7 6. d3 Nf6 7. Be3 O-O 8.
O-O a6 9. a3 b5 10. Bd5 Nxd5 11. exd5 Nd4 12. Bxd4 cxd4 13. Ne2 Bb7 14. c3
Bxd5 15. cxd4 Bxf3 16. gxf3 exd4 17. Nxd4 Bf6 18. Ne2 Bxb2 19. Ra2 Qg5+ 20.
Ng3 Be5 21. Kg2 h5 22. Kh1 Bxg3 23. fxg3 Qxg3 24. Rg1 Qxh3+ 25. Rh2 Qf5 26.
Qa1 Qxf3+ 27. Rgg2 g6 28. Rxh5 Qxh5+ 29. Kg1 Qe5 30. Qf1 Rfe8 31. Kf2 Qe3#
{ White checkmated } 0-1

[Event "ICC tourney 2552 (3 2)"]
[Site "Internet Chess Club"]
[Date "2021.05.07"]
[Round "2"]
[White "VAN ZANDWEGHE, HENRI:K06-15949902"]
[Black "PAWAR, SANVI:K01-30098379"]
[Result "1-0"]
[ICCResult "Black forfeits on time"]
[WhiteElo "1400"]
[BlackElo "1400"]
[Opening "Petrov: Nimzovich attack"]
[ECO "C42"]
[NIC "RG.03"]
[Time "18:29:24"]
[PlyCount "29"]
[TimeControl "180+2"]

1. e4 e5 2. Nf3 Nf6 3. Nxe5 d6 4. Nf3 Nxe4 5. Nc3 Nxc3 6. dxc3 Be7 7. Be3
Bg4 8. Be2 Nc6 9. Qd2 Qd7 10. O-O-O O-O-O 11. Nd4 Rhe8 12. Nxc6 Qxc6 13.
Bxg4+ Kb8 14. Bf3 Qa4 15. Kb1 { Black forfeits on time } 1-0

[Event "ICC tourney 2552 (3 2)"]
[Site "Internet Chess Club"]
[Date "2021.05.07"]
[Round "2"]
[White "LEE WANG, HUBERT:K05-17101448"]
[Black "MICHAEL BAR, NATHAN:K01-30163724"]
[Result "1-0"]
[ICCResult "Black checkmated"]
[WhiteElo "1400"]
[BlackElo "1400"]
[Opening "Ponziani: Jaenisch counter-attack"]
[ECO "C44"]
[NIC "KP.05"]
[Time "18:29:02"]
[PlyCount "97"]
[TimeControl "180+2"]

1. e4 e5 2. Nf3 Nc6 3. c3 Nf6 4. d4 exd4 5. cxd4 Nxe4 6. d5 Nb4 7. Bd3
Nxd3+ 8. Qxd3 Nf6 9. Bg5 Be7 10. Nc3 O-O 11. O-O c6 12. dxc6 dxc6 13. Qxd8
Rxd8 14. Rfe1 Bc5 15. Bxf6 gxf6 16. a3 Bf5 17. b4 Bb6 18. Nh4 Be4 19. Rxe4
Rd2 20. Rf4 Re8 21. Rxf6 Ree2 22. Nxe2 Rxe2 23. h3 Kg7 24. Rf3 Kh6 25. Nf5+
Kg5 26. Ng3 f6 27. Rd1 Ra2 28. Rd7 Rxa3 29. Rxa3 a6 30. Rxb7 Bd4 31. Rxa6
Kf4 32. Rxc6 Ke5 33. Rxh7 Kd5 34. Rc5+ Bxc5 35. bxc5 Kxc5 36. Rh6 Kd6 37.
Rxf6+ Kd5 38. h4 Ke5 39. Rf5+ Ke6 40. h5 Ke7 41. h6 Ke6 42. h7 Ke7 43. h8=Q
Ke6 44. Qf6+ Kd7 45. Rd5+ Kc7 46. Qc3+ Kb7 47. Rb5+ Ka6 48. Rb4 Ka5 49.
Qa3# { Black checkmated } 1-0

[Event "ICC tourney 2552 (3 2)"]
[Site "Internet Chess Club"]
[Date "2021.05.07"]
[Round "2"]
[White "JACK GREENE, WILLILAM:K05-30165343"]
[Black "MATHEUSSEN, JACK:K03-17193974"]
[Result "0-1"]
[ICCResult "White checkmated"]
[WhiteElo "1400"]
[BlackElo "1400"]
[Opening "Caro-Kann: exchange variation"]
[ECO "B13"]
[NIC "CK.02"]
[Time "18:29:47"]
[PlyCount "66"]
[TimeControl "180+2"]

1. e4 c6 2. d4 d5 3. exd5 cxd5 4. Nc3 Bf5 5. Bd3 Bxd3 6. cxd3 e6 7. Nf3 Nc6
8. O-O Nf6 9. Be3 Be7 10. Ne5 Nxe5 11. dxe5 Nd7 12. Bd4 O-O 13. Nb5 a6 14.
Nc3 Rc8 15. Rc1 Qc7 16. Qc2 Nxe5 17. Bxe5 Qxe5 18. Rfe1 Qg5 19. Rcd1 Bf6
20. Rc1 b5 21. a3 a5 22. b4 axb4 23. axb4 Rxc3 24. Qxc3 Bxc3 25. Rxc3 h6
26. Rec1 Ra8 27. Rc8+ Rxc8 28. Rf1 Rc2 29. g3 Qd2 30. Kg2 Qxb4 31. Kg1 Qd4
32. Rd1 Qxf2+ 33. Kh1 Qxh2# { White checkmated } 0-1

[Event "ICC tourney 2552 (3 2)"]
[Site "Internet Chess Club"]
[Date "2021.05.07"]
[Round "2"]
[White "TSYBOVSKY, ANTHONY:K03-30024259"]
[Black "BRODY GAMEZ, LIAM:K06-17012964"]
[Result "1-0"]
[ICCResult "Black forfeits on time"]
[WhiteElo "1400"]
[BlackElo "1400"]
[Opening "Giuoco Pianissimo"]
[ECO "C50"]
[NIC "IG.02"]
[Time "18:29:08"]
[PlyCount "35"]
[TimeControl "180+2"]

1. e4 e5 2. Nf3 Nc6 3. Bc4 Bc5 4. d3 d6 5. Be3 Nf6 6. Nc3 O-O 7. O-O Bxe3
8. fxe3 Bg4 9. Nd5 Nxd5 10. Bxd5 Bxf3 11. Qxf3 Qe7 12. Bxc6 bxc6 13. c4
Rab8 14. b3 d5 15. cxd5 cxd5 16. exd5 Qd7 17. e4 Qb5 18. Qe3 { Black
forfeits on time } 1-0

[Event "ICC tourney 2552 (3 2)"]
[Site "Internet Chess Club"]
[Date "2021.05.07"]
[Round "2"]
[White "WU, ALEXANDER:K01-30107546"]
[Black "PULIJALA, AKSHAJ:K05-16497860"]
[Result "0-1"]
[ICCResult "White checkmated"]
[WhiteElo "1400"]
[BlackElo "1400"]
[Opening "Sicilian defense"]
[ECO "B20"]
[NIC "SI.48"]
[Time "18:29:34"]
[PlyCount "56"]
[TimeControl "180+2"]

1. e4 c5 2. Bc4 Nc6 3. Nf3 e6 4. O-O d5 5. exd5 exd5 6. Bb3 Be6 7. c3 Nf6
8. c4 Be7 9. cxd5 Nxd5 10. Nc3 Nxc3 11. bxc3 c4 12. Bc2 O-O 13. Re1 Bf6 14.
Qe2 Re8 15. Qd1 g6 16. Rb1 Rb8 17. Ba4 Qc7 18. Bxc6 Qxc6 19. d3 cxd3 20.
Qxd3 Bf5 21. Qe2 Rxe2 22. Rxe2 Bxb1 23. Re1 Bxc3 24. Re3 Re8 25. Rxe8+ Qxe8
26. Kf1 Bd3+ 27. Kg1 Qe2 28. Ba3 Qf1# { White checkmated } 0-1

[Event "ICC tourney 2552 (3 2)"]
[Site "Internet Chess Club"]
[Date "2021.05.07"]
[Round "2"]
[White "PATWARI, TANUSH:K06-16270035"]
[Black "YOU, GEORGE:K03-30136172"]
[Result "1-0"]
[ICCResult "Black resigns"]
[WhiteElo "1400"]
[BlackElo "1400"]
[Opening "Giuoco Pianissimo: Italian four knights variation"]
[ECO "C50"]
[NIC "IG.02"]
[Time "18:29:11"]
[PlyCount "55"]
[TimeControl "180+2"]

1. e4 e5 2. Nf3 Nc6 3. Bc4 Bc5 4. Nc3 Nf6 5. d3 d6 6. Be3 Bxe3 7. fxe3 O-O
8. O-O h6 9. Qd2 Be6 10. Bxe6 fxe6 11. d4 exd4 12. exd4 Re8 13. d5 exd5 14.
exd5 Nb4 15. a3 Na6 16. Rfe1 Rxe1+ 17. Rxe1 Qd7 18. Na2 Re8 19. Rxe8+ Qxe8
20. Nb4 Nxb4 21. Qxb4 b6 22. Qc4 Qd7 23. h3 c5 24. c3 Qb7 25. b4 cxb4 26.
cxb4 Nxd5 27. Nd4 Qd7 28. Qxd5+ { Black resigns } 1-0

[Event "ICC tourney 2552 (3 2)"]
[Site "Internet Chess Club"]
[Date "2021.05.07"]
[Round "2"]
[White "STANLEY, GRANT:K01-17272740"]
[Black "AMBIL, KESHAV:K03-30048105"]
[Result "0-1"]
[ICCResult "White checkmated"]
[WhiteElo "1071"]
[BlackElo "1400"]
[Opening "Scandinavian (center counter) defense"]
[ECO "B01"]
[NIC "SD.02"]
[Time "18:29:26"]
[PlyCount "48"]
[TimeControl "180+2"]

1. e4 d5 2. exd5 Qxd5 3. Nc3 Qd8 4. Bb5+ c6 5. Bc4 Nf6 6. Nf3 g6 7. d3 Bg7
8. Bf4 c5 9. O-O Nc6 10. Na4 b6 11. Qe1 O-O 12. d4 cxd4 13. Ng5 a6 14. Be5
Nxe5 15. Nc3 Nxc4 16. Nce4 Nxe4 17. Qe2 Ncd6 18. Qf3 Nxg5 19. Rfe1 Nxf3+
20. gxf3 Bh3 21. Kh1 Qc7 22. Rac1 Qc6 23. Rxe7 Qxf3+ 24. Kg1 Qg2# { White
checkmated } 0-1

[Event "ICC tourney 2552 (3 2)"]
[Site "Internet Chess Club"]
[Date "2021.05.07"]
[Round "2"]
[White "BHARDWAJ, ARYAMAN:K03-17148228"]
[Black "SINGHAL, MEENAKSHI:K05-16551160"]
[Result "1-0"]
[ICCResult "Black checkmated"]
[WhiteElo "1002"]
[BlackElo "1400"]
[Opening "Giuoco Piano"]
[ECO "C50"]
[NIC "IG.02"]
[Time "18:30:23"]
[PlyCount "47"]
[TimeControl "180+2"]

1. e4 e5 2. Nf3 Nc6 3. Bc4 Bc5 4. O-O Nf6 5. d3 O-O 6. Bg5 h6 7. Bh4 d6 8.
Nc3 b6 9. Nd5 a6 10. c3 b5 11. Bb3 a5 12. a3 b4 13. axb4 axb4 14. Rxa8 bxc3
15. bxc3 Ba3 16. Rxa3 Bb7 17. Nxf6+ gxf6 18. Nd2 Qe7 19. Qg4+ Kh8 20. Qf5
Rg8 21. Bxf6+ Qxf6 22. Qxf6+ Kh7 23. Qxf7+ Kh8 24. Qxg8# { Black checkmated
} 1-0